MLB
WASHINGTON NATIONALS @ NEW YORK METS
09/14/2046
 
TOP OF THE 1ST
Washington Nationals batting - Pitching for New York Mets : RHP Matt McAtee
Pitching: RHP Matt McAtee
Batting: RHB Dave Vargas 0-0: Called Strike
0-1: Ground out 6-3 (Groundball, 6, EV 95.6 MPH)
Batting: RHB John Sanders 0-0: Fly out, F9 (Flyball, 9D, EV 95.6 MPH)
Batting: LHB R.J. O'Brien 0-0: Swinging Strike
0-1: Ball
1-1: Foul Ball, location: 2F
1-2: Ground out 6-3 (Groundball, 6M, EV 104.4 MPH)
Top of the 1st over - 0 runs, 0 hits, 0 errors, 0 left on base; Washington 0 - New York 0
BOTTOM OF THE 1ST
New York Mets batting - Pitching for Washington Nationals : LHP Jaden Asante
Pitching: LHP Jaden Asante
Batting: SHB Nelle van den Berg 0-0: SOLO HOME RUN (Line Drive, 89XD, EV 108.8 MPH), Distance : 424 ft
Batting: SHB Gus Berry 0-0: Swinging Strike
0-1: Ball
1-1: SINGLE (Groundball, 6D, EV 107.5 MPH)
Batting: SHB Sean Cook 0-0: Ball
1-0: Ball
2-0: Foul Ball, location: 2F
2-1: SINGLE (Line Drive, 34D, EV 104.4 MPH)
Gus Berry to second
Batting: LHB Kevin Bellman 0-0: Ball
1-0: Fly out, F3 (Line Drive, 3, EV 65.6 MPH)
Lined into DP, U3 (Line Drive, 3, EV 69.4 MPH)
Batting: SHB Jonathan Jenkins 0-0: Ball
1-0: Ground out 5-3 (Groundball, 5, EV 93.8 MPH)
Bottom of the 1st over - 1 run, 3 hits, 0 errors, 1 left on base; Washington 0 - New York 1
TOP OF THE 2ND
Washington Nationals batting - Pitching for New York Mets : RHP Matt McAtee
Batting: LHB Alexis Cantu 0-0: Foul Ball, location: 2F
0-1: Ball
1-1: Ball
2-1: Swinging Strike
2-2: Strikes out swinging
Batting: RHB Adam Burke 0-0: Ball
1-0: Called Strike
1-1: Ground out 5-3 (Groundball, 56S, EV 78.1 MPH)
Batting: RHB Kanehisa Kubo 0-0: Ball
1-0: Ball
2-0: Ball
3-0: Foul Ball, location: 2F
3-1: Base on Balls
Batting: RHB Nate Dickinson 0-0: Called Strike
0-1: Ball
1-1: Ball
2-1: Ball
3-1: Foul Ball, location: 2F
3-2: Base on Balls
Kanehisa Kubo to second
Batting: RHB Justin Bonner 0-0: Ball
1-0: Foul Ball, location: 2F
1-1: Foul Ball, location: 2F
1-2: Foul Ball, location: 2F
1-2: Ground out U3 (Groundball, 34, EV 83.8 MPH)
Top of the 2nd over - 0 runs, 0 hits, 0 errors, 2 left on base; Washington 0 - New York 1
BOTTOM OF THE 2ND
New York Mets batting - Pitching for Washington Nationals : LHP Jaden Asante
Batting: RHB Jesus Chavez 0-0: Foul Ball, location: 2F
0-1: Ground out 6-3 (Groundball, 6, EV 90.6 MPH)
Batting: SHB Roberto Magne 0-0: Fly out, F7 (Line Drive, 78M, EV 97.5 MPH)
Batting: SHB Harry Hoop 0-0: Ball
1-0: Ball
2-0: Ball
3-0: Called Strike
3-1: Foul Ball, location: 2F
3-2: Base on Balls
Batting: LHB Sal Fernandez 0-0: Ball
1-0: Fly out, F7 (Flyball, 7D, EV 91.2 MPH)
Bottom of the 2nd over - 0 runs, 0 hits, 0 errors, 1 left on base; Washington 0 - New York 1
TOP OF THE 3RD
Washington Nationals batting - Pitching for New York Mets : RHP Matt McAtee
Batting: RHB Masashi Yukizawa 0-0: Called Strike
0-1: Called Strike
0-2: Strikes out swinging
Batting: RHB Dave Vargas 0-0: Ball
1-0: Ball
2-0: Ball
3-0: Called Strike
3-1: Base on Balls
Batting: RHB John Sanders 0-0: Ball
1-0: Called Strike
1-1: Foul Ball, location: 2F
1-2: Ball
Dave Vargas steals 2nd base
2-2: Strikes out looking
Batting: LHB R.J. O'Brien 0-0: Foul Ball, location: 2F
0-1: SINGLE (Line Drive, 56, EV 100.0 MPH)
Dave Vargas to third
Runner from 3rd tries for Home, SAFE, throw by LF to home
Batting: LHB Alexis Cantu 0-0: Called Strike
0-1: Called Strike
0-2: Ball
1-2: Foul Ball, location: 2F
1-2: Ball
2-2: Strikes out looking
Top of the 3rd over - 1 run, 1 hit, 0 errors, 1 left on base; Washington 1 - New York 1
BOTTOM OF THE 3RD
New York Mets batting - Pitching for Washington Nationals : LHP Jaden Asante
Batting: SHB Nelle van den Berg 0-0: Ball
1-0: Called Strike
1-1: Fly out, F5 (Line Drive, 5, EV 68.1 MPH)
Batting: SHB Gus Berry 0-0: Called Strike
0-1: Foul Ball, location: 2F
0-2: Ground out 1-3 (Groundball, 25, EV 68.1 MPH)
Batting: SHB Sean Cook 0-0: Foul Ball, location: 2F
0-1: Foul Ball, location: 2F
0-2: Ball
1-2: Foul Ball, location: 2F
1-2: Ground out 3-1 (Groundball, 13, EV 83.8 MPH)
Bottom of the 3rd over - 0 runs, 0 hits, 0 errors, 0 left on base; Washington 1 - New York 1
TOP OF THE 4TH
Washington Nationals batting - Pitching for New York Mets : RHP Matt McAtee
Batting: RHB Adam Burke 0-0: Ball
1-0: Foul Ball, location: 2F
1-1: Ground out 6-3 (Groundball, 6M, EV 86.2 MPH)
Batting: RHB Kanehisa Kubo 0-0: Ball
1-0: Called Strike
1-1: Ball
2-1: Ball
3-1: Base on Balls
Batting: RHB Nate Dickinson 0-0: Ball
1-0: Called Strike
1-1: SINGLE (Groundball, 56D, EV 94.4 MPH)
Kanehisa Kubo to second
Batting: RHB Justin Bonner 0-0: Swinging Strike
0-1: Ball
1-1: Swinging Strike
1-2: Ball
2-2: Grounds into double play, 6-4-3 (Groundball, 6, EV 97.5 MPH)
Top of the 4th over - 0 runs, 1 hit, 0 errors, 1 left on base; Washington 1 - New York 1
BOTTOM OF THE 4TH
New York Mets batting - Pitching for Washington Nationals : LHP Jaden Asante
Batting: LHB Kevin Bellman 0-0: Ball
1-0: Called Strike
1-1: Ball
2-1: Ball
3-1: Ground out 4-3 (Groundball, 13, EV 83.8 MPH)
Batting: SHB Jonathan Jenkins 0-0: Foul Ball, location: 2F
0-1: Ground out 5-3 (Groundball, 5, EV 110.6 MPH)
Batting: RHB Jesus Chavez 0-0: Ball
1-0: Foul Ball, location: 2F
1-1: Fly out, F9 (Line Drive, 9S, EV 100.6 MPH)
Bottom of the 4th over - 0 runs, 0 hits, 0 errors, 0 left on base; Washington 1 - New York 1
TOP OF THE 5TH
Washington Nationals batting - Pitching for New York Mets : RHP Matt McAtee
Batting: RHB Masashi Yukizawa 0-0: Foul Ball, location: 2F
0-1: Ball
1-1: Called Strike
1-2: Fly out, F9 (Flyball, 9, EV 87.5 MPH)
Batting: RHB Dave Vargas 0-0: Ball
1-0: SOLO HOME RUN (Flyball, 78XD, EV 98.8 MPH), Distance : 400 ft
Batting: RHB John Sanders 0-0: Foul Ball, location: 2F
0-1: Called Strike
0-2: Strikes out swinging
Batting: LHB R.J. O'Brien 0-0: DOUBLE (Line Drive, 89XD, EV 106.2 MPH)
Batting: LHB Alexis Cantu 0-0: Ball
1-0: Ball
2-0: Swinging Strike
2-1: Swinging Strike
2-2: Strikes out swinging
Top of the 5th over - 1 run, 2 hits, 0 errors, 1 left on base; Washington 2 - New York 1
BOTTOM OF THE 5TH
New York Mets batting - Pitching for Washington Nationals : LHP Jaden Asante
Batting: SHB Roberto Magne 0-0: Called Strike
0-1: Ball
1-1: Ball
2-1: Ground out 6-3 (Groundball, 6MS, EV 64.4 MPH)
Batting: SHB Harry Hoop 0-0: Fly out, F8 (Flyball, 8LD, EV 91.9 MPH)
Batting: LHB Sal Fernandez 0-0: Ball
1-0: Ball
2-0: Ball
3-0: Fly out, F5 (Popup, 56S, EV 73.1 MPH)
Bottom of the 5th over - 0 runs, 0 hits, 0 errors, 0 left on base; Washington 2 - New York 1
TOP OF THE 6TH
Washington Nationals batting - Pitching for New York Mets : RHP Matt McAtee
Batting: RHB Adam Burke 0-0: Ball
1-0: Ball
2-0: Called Strike
2-1: Foul Ball, location: 2F
2-2: Fly out, F7 (Flyball, 7S, EV 91.2 MPH)
Batting: RHB Kanehisa Kubo 0-0: Ball
1-0: Foul Ball, location: 2F
1-1: Ground out 6-3 (Groundball, 6, EV 87.5 MPH)
Batting: RHB Nate Dickinson 0-0: Swinging Strike
0-1: Ball
1-1: Ball
2-1: Foul Ball, location: 2F
2-2: Foul Ball, location: 2F
2-2: Ball
3-2: Ground out 2-3 (Groundball, 15S, EV 70.0 MPH)
Top of the 6th over - 0 runs, 0 hits, 0 errors, 0 left on base; Washington 2 - New York 1
BOTTOM OF THE 6TH
New York Mets batting - Pitching for Washington Nationals : LHP Jaden Asante
Batting: SHB Nelle van den Berg 0-0: Called Strike
0-1: Called Strike
0-2: Ball
1-2: Foul Ball, location: 2F
1-2: Ball
2-2: Foul Ball, location: 2F
2-2: Foul Ball, location: 2F
2-2: Strikes out looking
Batting: SHB Gus Berry 0-0: Swinging Strike
0-1: Swinging Strike
0-2: Foul Ball, location: 2F
0-2: Strikes out swinging
Batting: SHB Sean Cook 0-0: Fly out, F8 (Line Drive, 8LM, EV 110.0 MPH)
Bottom of the 6th over - 0 runs, 0 hits, 0 errors, 0 left on base; Washington 2 - New York 1
TOP OF THE 7TH
Washington Nationals batting - Pitching for New York Mets : RHP Matt McAtee
Pitching: LHP Xu-gang Zhou
Batting: RHB Justin Bonner 0-0: Foul Ball, location: 2F
0-1: Swinging Strike
0-2: Ball
1-2: Foul Ball, location: 2F
1-2: Strikes out swinging
Batting: RHB Masashi Yukizawa 0-0: Called Strike
0-1: Ball
1-1: Called Strike
1-2: Foul Ball, location: 2F
1-2: Ground out 4-3 (Groundball, 4, EV 78.8 MPH)
Batting: RHB Dave Vargas 0-0: Foul Ball, location: 2F
0-1: Foul Ball, location: 2F
0-2: Strikes out swinging
Top of the 7th over - 0 runs, 0 hits, 0 errors, 0 left on base; Washington 2 - New York 1
BOTTOM OF THE 7TH
New York Mets batting - Pitching for Washington Nationals : LHP Jaden Asante
Batting: LHB Kevin Bellman 0-0: Ball
1-0: Foul Ball, location: 2F
1-1: Ball
2-1: Swinging Strike
2-2: Strikes out swinging
Batting: SHB Jonathan Jenkins 0-0: Ground out 3-1 (Groundball, 34, EV 105.0 MPH)
Batting: RHB Jesus Chavez 0-0: Ball
1-0: SINGLE (Flyball, 56D, EV 94.4 MPH)
Batting: SHB Roberto Magne 0-0: Ball
1-0: Ball
2-0: Foul Ball, location: 2F
2-1: Ball
3-1: Fielders Choice at 2nd, 5-4 (Groundball, 56, EV 101.2 MPH)
Bottom of the 7th over - 0 runs, 1 hit, 0 errors, 1 left on base; Washington 2 - New York 1
TOP OF THE 8TH
Washington Nationals batting - Pitching for New York Mets : LHP Xu-gang Zhou
Batting: RHB John Sanders 0-0: Ball
1-0: Ball
2-0: SINGLE (Groundball, 34D, EV 93.8 MPH)
Batting: LHB R.J. O'Brien 0-0: Ball
1-0: Called Strike
1-1: Ball
2-1: Called Strike
2-2: Strikes out swinging
Batting: LHB Alexis Cantu 0-0: Foul Ball, location: 2F
0-1: Called Strike
0-2: Ball
1-2: Grounds into double play, 4-6-3 (Groundball, 4, EV 107.5 MPH)
Top of the 8th over - 0 runs, 1 hit, 0 errors, 0 left on base; Washington 2 - New York 1
BOTTOM OF THE 8TH
New York Mets batting - Pitching for Washington Nationals : LHP Jaden Asante
Batting: SHB Harry Hoop 0-0: Ball
1-0: SINGLE (Groundball, 6S, EV 71.9 MPH) (infield hit)
Batting: LHB Sal Fernandez 0-0: Sac Bunt to 25 - play at first, batter OUT! 5-3
Harry Hoop to second
Batting: SHB Nelle van den Berg 0-0: Ball
1-0: Called Strike
1-1: Ball
2-1: Foul Ball, location: 2F
2-2: Ball
3-2: Base on Balls
Batting: SHB Gus Berry 0-0: Foul Ball, location: 2F
0-1: Grounds into double play, 6-4-3 (Groundball, 6, EV 105.0 MPH)
Bottom of the 8th over - 0 runs, 1 hit, 0 errors, 1 left on base; Washington 2 - New York 1
TOP OF THE 9TH
Washington Nationals batting - Pitching for New York Mets : LHP Xu-gang Zhou
Pitching: RHP Brian Wood
Pinch Hitting: LHB Seth Cook 0-0: Swinging Strike
0-1: Ball
1-1: Called Strike
1-2: Foul Ball, location: 2F
1-2: Ball
2-2: Strikes out looking
Batting: RHB Kanehisa Kubo 0-0: Ball
1-0: Swinging Strike
1-1: Foul Ball, location: 2F
1-2: Ball
2-2: Ball
3-2: Strikes out swinging
Batting: RHB Nate Dickinson 0-0: Called Strike
0-1: Ball
1-1: Ball
2-1: Foul Ball, location: 2F
2-2: Fly out, F8 (Flyball, 8LD, EV 98.8 MPH)
Top of the 9th over - 0 runs, 0 hits, 0 errors, 0 left on base; Washington 2 - New York 1
BOTTOM OF THE 9TH
New York Mets batting - Pitching for Washington Nationals : LHP Jaden Asante
Pitching: LHP Keith Pratt
Now at 1B: Seth Cook
Batting: SHB Sean Cook 0-0: Called Strike
0-1: Ball
1-1: Swinging Strike
1-2: Strikes out swinging
Batting: LHB Kevin Bellman 0-0: Ball
1-0: Foul Ball, location: 2F
1-1: Foul Ball, location: 2F
1-2: Strikes out swinging
Batting: SHB Jonathan Jenkins 0-0: Ball
1-0: Ball
2-0: Fly out, F9 (Flyball, 9, EV 82.5 MPH)
Bottom of the 9th over - 0 runs, 0 hits, 0 errors, 0 left on base; Washington 2 - New York 1
Tuesday, September 13th , 2022 - OOTP Baseball 23.7 Build 88